| TOP OF THE 1ST |
|
New York Mets batting - Pitching for Milwaukee Brewers : RHP Joe Ross
|
|
Pitching: RHP Joe Ross
|
|
|
Batting: LHB José Vázquez
|
0-0: Called Strike 0-1: Foul Ball, location: 5F 0-2: Ball 1-2: Strikes out swinging
|
|
Batting: RHB Mike Wilson
|
0-0: Fly out, F9 (Line Drive, 89M, EV 91.3 MPH)
|
|
Batting: LHB Deron Fernández
|
0-0: Ball 1-0: Foul Ball, location: 3F 1-1: Swinging Strike 1-2: Ground out U3 (Groundball, 3, EV 101.3 MPH)
|
| Top of the 1st over - 0 runs, 0 hits, 0 errors, 0 left on base; New York 0 - Milwaukee 0 |
| BOTTOM OF THE 1ST |
|
Milwaukee Brewers batting - Pitching for New York Mets : RHP Franklin E. Perez
|
|
Pitching: RHP Franklin E. Perez
|
|
|
Batting: RHB Jorge Gutiérrez
|
0-0: Ball 1-0: SINGLE (Groundball, 4MD, EV 103.8 MPH)
|
|
Batting: RHB Dave Thomas
|
0-0: Bunt missed! 0-1: Ball 1-1: Ball Jorge Gutiérrez steals 2nd base 2-1: Called Strike 2-2: Ground out 1-3 (Groundball, 15S, EV 69.4 MPH)
|
|
Batting: LHB Billy Wood
|
0-0: Ball 1-0: Fly out, F4 (Line Drive, 4D, EV 63.1 MPH)
|
|
Batting: RHB Jim Smith
|
0-0: Ball 1-0: Ball 2-0: Called Strike 2-1: Foul Ball, location: 2F 2-2: Ball 3-2: Base on Balls
|
|
Batting: RHB Kevin Thompson
|
0-0: Ball 1-0: Swinging Strike 1-1: Foul Ball, location: 2F 1-2: Ball 2-2: Foul Ball, location: 2F 2-2: Foul Ball, location: 9LDF 2-2: Foul Ball, location: 2F 2-2: Foul Ball, location: 3F 2-2: DOUBLE (Flyball, 89XD, EV 88.8 MPH) Jorge Gutiérrez scores Jim Smith to third Runner from 3rd tries for Home, SAFE, throw by CF to trailing runner, SAFE at third!
|
|
Batting: RHB Steve Sanders
|
0-0: Ball 1-0: Ball 2-0: Foul Ball, location: 5DF 2-1: Ball 3-1: Ground out 6-3 (Groundball, 6, EV 85.0 MPH)
|
| Bottom of the 1st over - 2 runs, 2 hits, 0 errors, 1 left on base; New York 0 - Milwaukee 2 |
| TOP OF THE 2ND |
|
New York Mets batting - Pitching for Milwaukee Brewers : RHP Joe Ross
|
|
Batting: LHB Jim Hayes
|
0-0: Called Strike 0-1: Ball 1-1: Fly out, F4 (Line Drive, 4, EV 65.0 MPH)
|
|
Batting: RHB Dustin Peterson
|
0-0: Called Strike 0-1: Swinging Strike 0-2: Fly out, F4 (Line Drive, 4, EV 71.9 MPH)
|
|
Batting: SHB Dalton Pompey
|
0-0: Ball 1-0: Ball 2-0: Swinging Strike 2-1: Foul Ball, location: 25FF 2-2: Ball 3-2: Foul Ball, location: 9LDF 3-2: Foul Ball, location: 23F 3-2: Strikes out swinging
|
| Top of the 2nd over - 0 runs, 0 hits, 0 errors, 0 left on base; New York 0 - Milwaukee 2 |
| BOTTOM OF THE 2ND |
|
Milwaukee Brewers batting - Pitching for New York Mets : RHP Franklin E. Perez
|
|
Batting: LHB Reese McGuire
|
0-0: Called Strike 0-1: Ball 1-1: Ball 2-1: Called Strike 2-2: Strikes out swinging
|
|
Batting: RHB Tim Campbell
|
0-0: Called Strike 0-1: Foul Ball, location: 2F 0-2: Ball 1-2: Strikes out swinging, 2-3 out at first.
|
|
Batting: RHB Christian Arroyo
|
0-0: Foul Ball, location: 25F 0-1: Ball 1-1: DOUBLE (Line Drive, 78D, EV 106.3 MPH)
|
|
Batting: RHB Jorge Gutiérrez
|
0-0: Ball 1-0: Ground out U3 (Groundball, 3L, EV 84.4 MPH)
|
| Bottom of the 2nd over - 0 runs, 1 hit, 0 errors, 1 left on base; New York 0 - Milwaukee 2 |
| TOP OF THE 3RD |
|
New York Mets batting - Pitching for Milwaukee Brewers : RHP Joe Ross
|
|
Batting: LHB Kenny Hernandez
|
0-0: Foul Ball, location: 9LDF 0-1: Ball 1-1: Foul Ball, location: 7LSF 1-2: Ball 2-2: Ball 3-2: Fly out, F8 (Line Drive, 8RS, EV 91.3 MPH)
|
|
Batting: RHB Juan De Leon
|
0-0: Ball 1-0: Called Strike 1-1: Ball 2-1: Foul Ball, location: 7LSFF 2-2: Ball 3-2: Ground out 6-3 (Groundball, 6D, EV 105.6 MPH)
|
|
Batting: SHB Joe Ellis
|
0-0: Ball 1-0: Called Strike 1-1: Foul Ball, location: 3DF 1-2: Strikes out looking
|
| Top of the 3rd over - 0 runs, 0 hits, 0 errors, 0 left on base; New York 0 - Milwaukee 2 |
| BOTTOM OF THE 3RD |
|
Milwaukee Brewers batting - Pitching for New York Mets : RHP Franklin E. Perez
|
|
Batting: RHB Dave Thomas
|
0-0: Ball 1-0: Ball 2-0: Called Strike 2-1: Fly out, F5 (Line Drive, 5D, EV 67.5 MPH)
|
|
Batting: LHB Billy Wood
|
0-0: Foul Ball, location: 2F 0-1: Ball 1-1: Ball 2-1: Ground out 4-3 (Groundball, 4D, EV 106.9 MPH)
|
|
Batting: RHB Jim Smith
|
0-0: Called Strike 0-1: Foul Ball, location: 2F 0-2: Ground out 5-3 (Groundball, 56S, EV 79.4 MPH)
|
| Bottom of the 3rd over - 0 runs, 0 hits, 0 errors, 0 left on base; New York 0 - Milwaukee 2 |
| TOP OF THE 4TH |
|
New York Mets batting - Pitching for Milwaukee Brewers : RHP Joe Ross
|
|
Batting: LHB José Vázquez
|
0-0: Ball 1-0: Ground out U3 (Groundball, 34S, EV 67.5 MPH)
|
|
Batting: RHB Mike Wilson
|
0-0: Swinging Strike 0-1: Ball 1-1: Fly out, F3 (Line Drive, 3, EV 66.9 MPH)
|
|
Batting: LHB Deron Fernández
|
0-0: Ball 1-0: Called Strike 1-1: Ball 2-1: Fly out, F7 (Flyball, 7S, EV 82.5 MPH)
|
| Top of the 4th over - 0 runs, 0 hits, 0 errors, 0 left on base; New York 0 - Milwaukee 2 |
| BOTTOM OF THE 4TH |
|
Milwaukee Brewers batting - Pitching for New York Mets : RHP Franklin E. Perez
|
|
Batting: RHB Kevin Thompson
|
0-0: Fly out, F7 (Flyball, 78M, EV 90.0 MPH)
|
|
Batting: RHB Steve Sanders
|
0-0: Ground out 5-3 (Groundball, 5, EV 90.0 MPH)
|
|
Batting: LHB Reese McGuire
|
0-0: Called Strike 0-1: Ball 1-1: SINGLE (Line Drive, 6D, EV 101.3 MPH)
|
|
Batting: RHB Tim Campbell
|
0-0: SINGLE (Line Drive, 7S, EV 86.9 MPH) Reese McGuire to second
|
|
Batting: RHB Christian Arroyo
|
0-0: Ball 1-0: Swinging Strike 1-1: Ball 2-1: Foul Ball, location: 5F 2-2: Ball 3-2: Base on Balls Reese McGuire to third Tim Campbell to second
|
|
Batting: RHB Jorge Gutiérrez
|
0-0: Ball 1-0: Foul Ball, location: 9LMF 1-1: TRIPLE (Flyball, 9LD, EV 111.3 MPH) Reese McGuire scores Tim Campbell scores Christian Arroyo scores
|
|
Pitching: RHP Jesús García
|
|
|
Batting: RHB Dave Thomas
|
0-0: Foul Ball, location: 2RF 0-1: Called Strike 0-2: Ground out 4-3 (Groundball, 4, EV 105.6 MPH)
|
| Bottom of the 4th over - 3 runs, 3 hits, 0 errors, 1 left on base; New York 0 - Milwaukee 5 |
| TOP OF THE 5TH |
|
New York Mets batting - Pitching for Milwaukee Brewers : RHP Joe Ross
|
|
Batting: LHB Jim Hayes
|
0-0: Ground out 4-3 (Groundball, 4, EV 83.8 MPH)
|
|
Batting: RHB Dustin Peterson
|
0-0: Called Strike 0-1: Ball 1-1: Ball 2-1: Ball 3-1: Called Strike 3-2: Base on Balls
|
|
Batting: SHB Dalton Pompey
|
0-0: Swinging Strike 0-1: Ball 1-1: Foul Ball, location: 3DF 1-2: Fly out, F9 (Flyball, 89M, EV 99.4 MPH)
|
|
Batting: LHB Kenny Hernandez
|
0-0: Called Strike 0-1: Called Strike 0-2: Strikes out swinging
|
| Top of the 5th over - 0 runs, 0 hits, 0 errors, 1 left on base; New York 0 - Milwaukee 5 |
| BOTTOM OF THE 5TH |
|
Milwaukee Brewers batting - Pitching for New York Mets : RHP Jesús García
|
|
Batting: LHB Billy Wood
|
0-0: Called Strike 0-1: Ground out 4-3 (Groundball, 4, EV 85.6 MPH)
|
|
Batting: RHB Jim Smith
|
0-0: Called Strike 0-1: Swinging Strike 0-2: Ball 1-2: Foul Ball, location: 5DF 1-2: Strikes out looking
|
|
Batting: RHB Kevin Thompson
|
0-0: Ball 1-0: Ball 2-0: Foul Ball, location: 7LSF 2-1: Called Strike 2-2: Strikes out looking
|
| Bottom of the 5th over - 0 runs, 0 hits, 0 errors, 0 left on base; New York 0 - Milwaukee 5 |
| TOP OF THE 6TH |
|
New York Mets batting - Pitching for Milwaukee Brewers : RHP Joe Ross
|
|
Batting: RHB Juan De Leon
|
0-0: Ball 1-0: Ground out 4-3 (Groundball, 4, EV 85.0 MPH)
|
|
Batting: SHB Joe Ellis
|
0-0: Called Strike 0-1: Ball 1-1: Ball 2-1: SINGLE (Line Drive, 78S, EV 103.1 MPH)
|
|
Batting: LHB José Vázquez
|
0-0: Ball 1-0: Ball 2-0: Called Strike 2-1: SINGLE (Groundball, 4S, EV 61.3 MPH) (infield hit) Joe Ellis to second
|
|
Batting: RHB Mike Wilson
|
0-0: Called Strike 0-1: Swinging Strike 0-2: Ground out 3-1 (Groundball, 34S, EV 84.4 MPH) Joe Ellis to third José Vázquez to second
|
|
Batting: LHB Deron Fernández
|
0-0: SINGLE (Line Drive, 9S, EV 102.5 MPH) Joe Ellis scores José Vázquez to third Runner from 3rd tries for Home, SAFE, throw by RF to home
|
|
Batting: LHB Jim Hayes
|
0-0: Fly out, F6 (Popup, 6MS, EV 59.4 MPH)
|
| Top of the 6th over - 2 runs, 3 hits, 0 errors, 1 left on base; New York 2 - Milwaukee 5 |
| BOTTOM OF THE 6TH |
|
Milwaukee Brewers batting - Pitching for New York Mets : RHP Jesús García
|
|
Batting: RHB Steve Sanders
|
0-0: Called Strike 0-1: Swinging Strike 0-2: Ball 1-2: Ball 2-2: Strikes out swinging
|
|
Batting: LHB Reese McGuire
|
0-0: Ball 1-0: Fly out, F8 (Flyball, 8LD, EV 98.8 MPH)
|
|
Batting: RHB Tim Campbell
|
0-0: Ball 1-0: Ground out 4-3 (Groundball, 34, EV 109.4 MPH)
|
| Bottom of the 6th over - 0 runs, 0 hits, 0 errors, 0 left on base; New York 2 - Milwaukee 5 |
| TOP OF THE 7TH |
|
New York Mets batting - Pitching for Milwaukee Brewers : RHP Joe Ross
|
|
Batting: RHB Dustin Peterson
|
0-0: Ground out 6-3 (Groundball, 6, EV 87.5 MPH)
|
|
Batting: SHB Dalton Pompey
|
0-0: Ball 1-0: Called Strike 1-1: Ball 2-1: Fly out, F2 (Popup, 13S, EV 86.9 MPH)
|
|
Batting: LHB Kenny Hernandez
|
0-0: Called Strike 0-1: Swinging Strike 0-2: Strikes out looking
|
| Top of the 7th over - 0 runs, 0 hits, 0 errors, 0 left on base; New York 2 - Milwaukee 5 |
| BOTTOM OF THE 7TH |
|
Milwaukee Brewers batting - Pitching for New York Mets : RHP Jesús García
|
|
Batting: RHB Christian Arroyo
|
0-0: Foul Ball, location: 2F 0-1: Ball 1-1: SINGLE (Line Drive, 34D, EV 103.8 MPH)
|
|
Batting: RHB Jorge Gutiérrez
|
0-0: Swinging Strike 0-1: Called Strike 0-2: Fly out, F9 (Flyball, 9, EV 88.8 MPH)
|
|
Batting: RHB Dave Thomas
|
0-0: DOUBLE (Groundball, 5L, EV 99.4 MPH) Christian Arroyo to third Runner from 3rd tries for Home, SAFE, no throw by LF
|
|
Batting: LHB Billy Wood
|
0-0: Ball 1-0: Ball 2-0: Called Strike 2-1: Fly out, F7 (Line Drive, 7D, EV 106.3 MPH)
|
|
Batting: RHB Jim Smith
|
0-0: Foul Ball, location: 2F 0-1: Swinging Strike 0-2: Ground out 6-3 (Groundball, 56, EV 108.8 MPH)
|
| Bottom of the 7th over - 1 run, 2 hits, 0 errors, 1 left on base; New York 2 - Milwaukee 6 |
| TOP OF THE 8TH |
|
New York Mets batting - Pitching for Milwaukee Brewers : RHP Joe Ross
|
|
Batting: RHB Juan De Leon
|
0-0: Fly out, F8 (Line Drive, 8LM, EV 99.4 MPH)
|
|
Batting: SHB Joe Ellis
|
0-0: Fly out, F8 (Flyball, 8LM, EV 92.5 MPH)
|
|
Batting: LHB José Vázquez
|
0-0: Foul Ball, location: 7LMF 0-1: Ball 1-1: Called Strike 1-2: Ball 2-2: Foul Ball, location: 3DF 2-2: Strikes out swinging
|
| Top of the 8th over - 0 runs, 0 hits, 0 errors, 0 left on base; New York 2 - Milwaukee 6 |
| BOTTOM OF THE 8TH |
|
Milwaukee Brewers batting - Pitching for New York Mets : RHP Jesús García
|
|
Pitching: RHP António Seroseres
|
|
|
Batting: RHB Kevin Thompson
|
0-0: Ground out 4-3 (Groundball, 4, EV 86.9 MPH)
|
|
Batting: RHB Steve Sanders
|
0-0: Called Strike 0-1: Ball 1-1: Foul Ball, location: 7LSFF 1-2: Fly out, F8 (Line Drive, 8RD, EV 92.5 MPH)
|
|
Batting: LHB Reese McGuire
|
0-0: Called Strike 0-1: Ball 1-1: Called Strike 1-2: Ball 2-2: Strikes out swinging
|
| Bottom of the 8th over - 0 runs, 0 hits, 0 errors, 0 left on base; New York 2 - Milwaukee 6 |
| TOP OF THE 9TH |
|
New York Mets batting - Pitching for Milwaukee Brewers : RHP Joe Ross
|
|
Pitching: LHP Curt Wilkerson
|
|
|
Batting: RHB Mike Wilson
|
0-0: Ball 1-0: Called Strike 1-1: Fly out, F8 (Line Drive, 8RM, EV 95.0 MPH)
|
|
Batting: LHB Deron Fernández
|
0-0: Fly out, F9 (Flyball, 9LS, EV 86.9 MPH)
|
|
Batting: LHB Jim Hayes
|
0-0: Foul Ball, location: 2F 0-1: Swinging Strike 0-2: Ball 1-2: Strikes out swinging
|
| Top of the 9th over - 0 runs, 0 hits, 0 errors, 0 left on base; New York 2 - Milwaukee 6 |
|